 Dungeon Crawl Stone Soup version 0.23-a0-644-gb60d84b (webtiles) character file.

199 Azzok the Chopper (level 5, -13/36 HPs)
             Began as an Octopode Fighter on Jan 1, 2019.
             Mangled by Sigmund
             ... wielding a +2 vampiric scythe
              (17 damage)
             ... on level 3 of the Dungeon.
             The game lasted 00:03:09 (3206 turns).

Azzok the Chopper (Octopode Fighter)                Turns: 3206, Time: 00:03:09

Health: -13/36     AC:  1    Str: 22    XL:     5   Next: 77%
Magic:  5/5        EV: 11    Int: 10    God:
Gold:   150        SH:  9    Dex: 11    Spells: 4/4 levels left

rFire    . . .     SeeInvis .   a - +0 war axe
rCold    . . .     Gourm    .   b - +0 shield
rNeg     . . .     Faith    .   (helmet restricted)
rPois    .         Spirit   .   (no amulet)
rElec    .         Reflect  .   (no ring)
rCorr    .         Harm     .   (no ring)
MR       .....                  (no ring)
Stlth    ++........             (no ring)
HPRegen  0.12/turn              (no ring)
MPRegen  0.09/turn              (no ring)
                                (no ring)
                                (no ring)

@: mighty
A: almost no armour, stealthy swim, amphibious, 8 rings, constrict 8, camouflage
1, gelatinous body 1
a: no special abilities


You were on level 3 of the Dungeon.
You were not hungry.

You visited 1 branch of the dungeon, and saw 3 of its levels.

You collected 150 gold pieces.

Inventory:

Hand Weapons
 a - a +0 war axe (weapon)
Missiles
 o - 3 javelins (quivered)
Armour
 b - a +0 shield (worn)
Jewellery
 e - an uncursed ring of positive energy {unknown}
Scrolls
 g - 6 scrolls of identify {unknown}
 i - 2 scrolls of remove curse {unknown}
Potions
 c - a potion of might
 h - a potion of mutation {unknown}
 j - a potion of brilliance {unknown}
 k - 2 potions of agility {unknown}
 l - a potion of cancellation {unknown}
 m - a potion of lignification {unknown}
 n - a potion of magic {unknown}
Comestibles
 d - 4 rations
 f - 3 chunks of flesh


   Skills:
 - Level 3.0 Fighting
 + Level 5.8 Axes
 - Level 3.0 Dodging
 - Level 3.0 Shields


You had 4 spell levels left.
You didn't know any spells.
Your spell library was empty.

Dungeon Overview and Level Annotations

Branches:
Dungeon (3/15)

Altars:
Zin

Annotations:
D:3 Sigmund


Innate Abilities, Weirdness & Mutations

You cannot wear most types of armour.
You are very stealthy in the water. (Stealth+)
You are amphibious.
You can wear up to eight rings at the same time.
You can use your tentacles to constrict eight enemies at once.
Your skin changes colour to match your surroundings (Stealth+).
Your rubbery body absorbs attacks. (AC +1, EV +1)


Message History

You miss Sigmund. Sigmund casts a spell at you. The puff of flame hits you!
You feel very mighty all of a sudden.
Sigmund hits you with a +2 vampiric scythe!
* * * LOW HITPOINT WARNING * * *
You completely miss Sigmund. Your squeeze misses Sigmund.
You feel less confused. Sigmund gestures at you while chanting.
You resist with some effort.
Your shield prevents you from hitting Sigmund.
You grab Sigmund. You constrict Sigmund.
Sigmund hits you with a +2 vampiric scythe!
* * * LOW HITPOINT WARNING * * *
You hit Sigmund.
Sigmund is lightly wounded.
You constrict Sigmund.
Sigmund giggles. "Time to reap what you sow."
Sigmund hits you with a +2 vampiric scythe!
You die...

····▒·▒·········▒
▒····▒▒▒
▒·>···········^·▒
▒·······
▒···············▒
▒····▒▒▒
▒··▒▒▒▒·········▒
▒····▒ ▒·
▒··▒······▒▒▒▒·▒▒▒▒▒▒
▒
▒▒··▒···········▒▒····
····▒···········▒▒·▒▒▒
·▒▒▒·▒▒··▒▒▒········▒
▒ ▒···@@···▒▒·····▒▒▒▒
▒ ▒·▒·▒▒▒▒·▒▒········
▒ ▒· ▒·▒▒·····▒▒▒ ▒ ▒·
▒··▒·····▒ ▒▒ ▒·
▒▒·▒▒▒▒▒·▒ ··· ▒·
▒·······▒ ▒▒▒ ▒·
▒▒·▒▒▒▒·▒ ▒▒ ▒· ▒··▒
▒·▒ ▒· ▒··▒▒▒·▒▒▒▒▒·


You could see Sigmund.

Vanquished Creatures
  A centaur zombie (D:2)
  An orc priest (D:3)
  An orc wizard (D:3)
  4 adders
  An ooze (D:1)
  2 dart slugs
  3 leopard geckos
  4 orcs (D:3)
  7 giant cockroaches
  5 goblins
  6 hobgoblins
  4 kobolds (D:2)
  A ball python (D:1)
  9 bats
  5 frilled lizards
  10 rats
64 creatures vanquished.

Notes
Turn   | Place    | Note
-------+----------+-------------------------------------------
     0 | D:1      | Azzok the Octopode Fighter began the quest for the Orb.
     0 | D:1      | Reached XP level 1. HP: 16/16 MP: 1/1
   380 | D:1      | Reached XP level 2. HP: 21/21 MP: 2/2
   458 | D:1      | Reached skill level 3 in Axes
   851 | D:1      | Reached XP level 3. HP: 25/26 MP: 3/3
  1455 | D:2      | Reached skill level 4 in Axes
  1457 | D:2      | Reached XP level 4. HP: 13/31 MP: 4/4
  2067 | D:2      | Found a glowing silver altar of Zin.
  2350 | D:2      | Reached skill level 5 in Axes
  2350 | D:2      | Reached XP level 5. HP: 26/36 MP: 5/5
  2812 | D:3      | Noticed Sigmund
  3206 | D:3      | Mangled by Sigmund

Vault maps used:
D:1:      dpeg_arrival_orchard, minmay_misc_feat_five
D:2:      marbit_many_paths, first_ration
D:3:      uniq_sigmund, uniq_crazy_yiuf_cottage, uniq_grinder

Skill      XL: |  1  2  3  4 |
---------------+-------------+-----
Axes           | 3 4 5 |  5.8
Fighting       | |  3.0
Dodging        | |  3.0
Shields        | |  3.0

Action                   |  1- 3 |  4- 6 || total
-------------------------+-------+-------++-------
Melee: War axe           |    60 |    65 ||   125
       Constrict         |    13 |    19 ||    32
       Tentacles         |    12 |    10 ||    22
  Use: Potion            |       |     1 ||     1
 Stab: Sleeping          |     7 |     2 ||     9
  Eat: Chunk             |     2 |     5 ||     7
Armor: Skin              |     3 |     6 ||     9
Dodge: Dodged            |    15 |    25 ||    40
Block: Shield            |    27 |    24 ||    51

Table legend:
 A = Non-vault XP
 B = Vault XP
 C = Vault XP percentage of total XP
 D = Non-vault monster count
 E = Vault monster count
 F = Vault count percentage of total count
                 A         B        C        D         E       F
            +---------+---------+-------+---------+---------+-------
      Total |     283 |       2 |   0.7 |      63 |       1 |   1.6
            +---------+---------+-------+---------+---------+-------
        D:1 |      42 |       0 |   0.0 |      23 |       0 |   0.0
        D:2 |     124 |       2 |   1.6 |      25 |       1 |   3.8
        D:3 |     117 |       0 |   0.0 |      15 |       0 |   0.0
            +---------+---------+-------+---------+---------+-------
